 Dungeon Crawl Stone Soup version 0.23-a0-182-g58cdd98 (webtiles) character file.

0 Amnesiac the Skirmisher (level 1, -6/18 HPs)
             Began as a Mummy Monk on Sept 21, 2018.
             Was a Believer of Yredelemnul.
             Mangled by a gnoll zombie (7 damage)
             ... on level 2 of the Dungeon.
             The game lasted 00:00:16 (46 turns).

Amnesiac the Skirmisher (Mummy Monk)                  Turns: 46, Time: 00:00:17

Health: -6/18      AC:  2    Str: 14    XL:     1   Next: 8%
Magic:  1/1        EV: 13    Int:  9    God:    Yredelemnul [**....]
Gold:   0          SH:  0    Dex: 14    Spells: 0/0 levels left

rFire    x . .     SeeInvis .   a - +0 short sword
rCold    + . .     Gourm    .   (no shield)
rNeg     + + +     Faith    .   b - +0 robe
rPois    ∞         Spirit   .   (no helmet)
rElec    .         Reflect  .   (no cloak)
rCorr    .         Harm     .   (no gloves)
MR       .....                  (no boots)
Stlth    ++........             (no amulet)
HPRegen  0.06/turn              (no ring)
MPRegen  0.07/turn              (no ring)

@: no status effects
A: no food or potions, fire vulnerability, cold resistance 1, negative energy
resistance 3, torment resistance, unbreathing
a: Animate Remains, Recall Undead Slaves, Injury Mirror, Renounce Religion


You were on level 2 of the Dungeon.
You worshipped Yredelemnul.
Yredelemnul was pleased with you.
You were not hungry.

You visited 1 branch of the dungeon, and saw 2 of its levels.

Inventory:

Hand Weapons
 a - a +0 short sword (weapon)
Armour
 b - a +0 robe (worn)
Scrolls
 c - a scroll of enchant weapon {!r, unknown}
 d - a scroll of blinking {!r, unknown}
 e - a scroll of identify {!r, unknown}


   Skills:
 - Level 3.0 Fighting
 + Level 2.4 Short Blades
 - Level 2.4 Dodging
 - Level 1.5 Stealth


You couldn't memorise any spells.
You didn't know any spells.
Your spell library was empty.

Dungeon Overview and Level Annotations

Branches:
Dungeon (2/15)

Altars:
Yredelemnul


Innate Abilities, Weirdness & Mutations

You do not eat or drink.
Your flesh is vulnerable to fire.
You are immune to poison.
Your flesh is cold resistant. (rC+)
You are immune to negative energy. (rN+++)
You are immune to unholy pain and torment.
You can survive without breathing.


Message History

You open the door.
Found an escape hatch in the floor.
There is an open door here.
e - a scroll labeled RISSOE YGOCIO {!r}
There is an escape hatch in the floor here.
You slide downwards.
The hatch slams shut behind you. 2 zombies come into view.
Found a scroll labeled HEOCOD XOLOO.
Found a basalt altar of Yredelemnul.
The gnoll zombie hits you.
The gnoll zombie hits you but does no damage.
The gnoll zombie hits you.
There is a basalt altar of Yredelemnul here.
You kneel at the altar of Yredelemnul.
Yredelemnul welcomes you!
You can now animate remains.
You can now recall your undead slaves.
You can now mirror injuries on your foes.
You hit the gnoll zombie.
The gnoll zombie is moderately damaged.
The gnoll zombie hits you.
* * * LOW HITPOINT WARNING * * *
You hit the gnoll zombie but do no damage.
The gnoll zombie is moderately damaged.
You hit the gnoll zombie.
The gnoll zombie is heavily damaged.
The gnoll zombie closely misses you.
You hit the gnoll zombie.
The gnoll zombie is heavily damaged.
The gnoll zombie barely misses you.
You barely miss the gnoll zombie.
The gnoll zombie is heavily damaged.
The gnoll zombie hits you.
* * * LOW HITPOINT WARNING * * *
You hit the gnoll zombie.
The gnoll zombie is severely damaged.
You hit the gnoll zombie.
The gnoll zombie is almost destroyed.
The gnoll zombie barely misses you.
You hit the gnoll zombie.
You destroy the gnoll zombie!
Yredelemnul accepts your kill.
You hit the gnoll zombie but do no damage.
The gnoll zombie barely misses you.
You hit the gnoll zombie.
The gnoll zombie is moderately damaged.
The gnoll zombie misses you.
You hit the gnoll zombie but do no damage.
The gnoll zombie is moderately damaged.
The gnoll zombie hits you.
* * * LOW HITPOINT WARNING * * *
You hit the gnoll zombie.
The gnoll zombie is heavily damaged.
You hit the gnoll zombie.
The gnoll zombie is severely damaged.
The gnoll zombie hits you.
* * * LOW HITPOINT WARNING * * *
You barely miss the gnoll zombie.
The gnoll zombie is severely damaged.
The gnoll zombie barely misses you.
You hit the gnoll zombie.
The gnoll zombie is almost destroyed.
The gnoll zombie hits you!
You die...
Yredelemnul claims you as an undead slave.

##########
#...?....#
##........####
...........Z@#
#........####
#........#
##########


You could see a gnoll zombie.

Vanquished Creatures
  A gnoll zombie (D:2)
1 creature vanquished.

Notes
Turn   | Place    | Note
-------+----------+-------------------------------------------
     0 | D:1      | Amnesiac the Mummy Monk began the quest for the Orb.
     0 | D:1      | Reached XP level 1. HP: 18/18 MP: 1/1
    24 | D:2      | Found a basalt altar of Yredelemnul.
    31 | D:2      | Became a worshipper of Yredelemnul the Dark
    31 | D:2      | Reached * piety under Yredelemnul
    31 | D:2      | Reached ** piety under Yredelemnul
    46 | D:2      | Mangled by a gnoll zombie

Vault maps used:
D:1:      sevenhm_arrival_forest_fort_large_3, minmay_strange_pillars
D:2:      lemuel_zombie_altar_yredelemnul, lemuel_round_altar,
          kennysheep_generic_room_11, uniq_terence

Action                   || total
-------------------------++-------
Melee: Short sword       ||    15
Armor: Robe              ||     1
Dodge: Dodged            ||     6

Table legend:
 A = Non-vault XP
 B = Vault XP
 C = Vault XP percentage of total XP
 D = Non-vault monster count
 E = Vault monster count
 F = Vault count percentage of total count
                 A         B        C        D         E       F
            +---------+---------+-------+---------+---------+-------
      Total |       0 |       1 | 100.0 |       0 |       1 | 100.0
            +---------+---------+-------+---------+---------+-------
        D:2 |       0 |       1 | 100.0 |       0 |       1 | 100.0
            +---------+---------+-------+---------+---------+-------
